 Dungeon Crawl Stone Soup version 0.28.0-53-g5a82cb258f (webtiles) character file.

Game seed: 9894091743887784001

88 Iusername the Skirmisher (level 4, -2/37 HPs)
             Began as a Human Fighter on Aug 23, 2022.
             Slain by Sigmund
             ... wielding a +0 scythe
              (9 damage)
             ... on level 3 of the Dungeon.
             The game lasted 00:03:05 (1537 turns).

Iusername the Skirmisher (Human Fighter)            Turns: 1537, Time: 00:03:06

Health: -2/37      AC:  6    Str: 16    XL:     4   Next: 82%
Magic:  4/4        EV:  8    Int: 15    God:
Gold:   109        SH:  0    Dex: 14    Spells: 3/3 levels left

rFire   + . .      SeeInvis .   a - +0 long sword
rCold   . . .      Faith    .   c - +0 buckler
rNeg    . . .      Spirit   .   b - +0 scale mail
rPois   .          Reflect  .   (no helmet)
rElec   .          Harm     +   h - scarf {harm}
rCorr   .          Rampage  .   (no gloves)
Will    .....                   (no boots)
Stlth   ..........              e - amulet of regeneration
HPRegen 0.92/turn               k - +6 ring of intelligence
MPRegen 0.09/turn               q - ring of protection from fire

@: confused, mighty
A: no striking features
a: no special abilities


You were on level 3 of the Dungeon.
You visited 1 branch of the dungeon, and saw 3 of its levels.

You collected 109 gold pieces.

Inventory:

Hand Weapons
 a - a +0 long sword (weapon)
Armour
 b - a +0 scale mail (worn)
 c - a +0 buckler (worn)
 h - a scarf of harm (worn)
 n - a +2 robe of cold resistance
Jewellery
 e - an amulet of regeneration (around neck)
 k - a +6 ring of intelligence (left hand)
 q - a ring of protection from fire (right hand)
Scrolls
 f - a scroll of immolation {unknown}
 m - a scroll of identify {unknown}
Potions
 d - a potion of might
 g - a potion of curing {unknown}
 i - a potion of magic {unknown}
 j - 4 potions of degeneration {unknown}
 l - a potion of lignification {unknown}
 o - a potion of mutation {unknown}
 p - a potion of attraction {unknown}


   Skills:
 + Level 3.6 Fighting
 + Level 2.8 Long Blades
 + Level 3.6 Armour
 + Level 3.6 Shields


You had 3 spell levels left.
You didn't know any spells.
Your spell library was empty.

Dungeon Overview and Level Annotations

Branches:
Dungeon (3/15)

Altars:

Shops:
D:3 !

Annotations:
D:3 Sigmund


Message History

Sigmund barely misses you.
You bump into the rock wall.
You feel less confused.
Sigmund hits you from afar with a +0 scythe.
You block the frilled lizard's attack. The rat closely misses you.
The frilled lizard bites you. The rat bites you but does no damage.
Sigmund points at you and mumbles some strange words.
The magic dart hits you. The rat bites you.
You miss the frilled lizard.
Sigmund hits you from afar with a +0 scythe.
You block the rat's attack.
The frilled lizard bites you but does no damage.
You completely miss the frilled lizard. Sigmund barely misses you.
The rat bites you but does no damage.
The frilled lizard bites you but does no damage.
You slash the frilled lizard!
You kill the frilled lizard!
The rat bites you but does no damage. Sigmund gestures at you while chanting.
The magic dart hits you! You block the rat's attack.
You are too injured to fight recklessly!
You are too injured to fight recklessly!
Sigmund casts a spell at you.
You are confused.
The rat barely misses you.
Sigmund mumbles some strange words.
Sigmund flickers and vanishes!
Deactivating autopickup; reactivate with Ctrl-A.
The rat bites you but does no damage.
You see here a giant cockroach corpse.
Something hits you. The rat bites you.
You completely miss something. Something hits you!
* * * LOW HITPOINT WARNING * * *
The rat bites you.
* * * LOW HITPOINT WARNING * * *
You closely miss something. The rat closely misses you.
You hear some strange, mumbled words.
Something tries to affect you, but you resist.
You miss something. The rat barely misses you. Something hits you!
You die...

.........##
..........###
............
...........
..........#
...(......#
.........###
...).......##
.......@r...#
.(..∩..{†.#.#
..........#.#
..........#.#
.........##.#
.#........#.#
########.#.#####
#.#.....#
#.......#


You could see a rat.

Vanquished Creatures
  Jessica (D:2)
  Robin (D:2)
  An adder (D:2)
  5 endoplasms
  2 giant cockroaches
  9 goblins
  2 hobgoblins (D:1)
  5 quokkas
  3 ball pythons (D:1)
  3 bats
  4 frilled lizards
  3 kobolds (D:2)
  A rat (D:1)
40 creatures vanquished.

Notes
Turn   | Place    | Note
-------+----------+-------------------------------------------
     0 | D:1      | Iusername the Human Fighter began the quest for the Orb.
     0 | D:1      | Reached XP level 1. HP: 18/18 MP: 1/1
    53 | D:1      | Found a faded altar of an unknown god.
   117 | D:1      | Reached XP level 2. HP: 17/24 MP: 2/2
   855 | D:2      | Reached XP level 3. HP: 29/29 MP: 3/3
   865 | D:2      | Noticed Jessica
   877 | D:2      | Killed Jessica
   878 | D:2      | Reached XP level 4. HP: 28/35 MP: 4/4
   904 | D:2      | Identified the +1 robe "Xonett" {rPois Regen+}
  1058 | D:2      | Noticed Robin
  1063 | D:2      | Killed Robin
  1508 | D:3      | Found Daykhary's Distillery.
  1512 | D:3      | Noticed Sigmund
  1537 | D:3      | Slain by Sigmund

Illustrated notes

Levels and vault maps discovered:
D:1:      minmay_arrival_doors, layout_loops_ring,
          chequers_ecumenical_altar_simple, kennysheep_another_room
D:2:      layout_basic, minmay_cupped, uniq_jessica, uniq_robin
D:3:      kennysheep_goblin_castle, layout_rooms,
          gammafunk_temple_overflow_statue, serial_shops, shop, corexii_shack,
          st_stairs_2, uniq_sigmund

Action                   |  1- 3 |  4- 6 || total
-------------------------+-------+-------++-------
Melee: Long sword        |    53 |    54 ||   107
  Use: Potion            |       |     1 ||     1
Armor: Scale mail        |    25 |    31 ||    56
Dodge: Dodged            |    21 |    28 ||    49
Block: Buckler           |    15 |    11 ||    26
